 Dungeon Crawl Stone Soup version 0.31-a0-524-g2a164cf6a2 (webtiles) character file.

Game seed: 5061474508956622664

85169 AdnanSaban the Warrior (level 15, -3/107 HPs)
             Began as a Gargoyle Fighter on Aug 12, 2023.
             Was the Champion of Okawaru.
             Slain by a goliath frog (4 damage)
             ... on level 1 of the Swamp.
             The game lasted 00:44:35 (25165 turns).

AdnanSaban the Warrior (Gargoyle Fighter)          Turns: 25165, Time: 00:44:36

Health: -3/107     AC: 21    Str: 32    XL:     15   Next: 82%
Magic:  0/20       EV: 10    Int: 10    God:    Okawaru [******]
Gold:   2358       SH: 11    Dex:  9    Spells: 14/14 levels left

rFire   + . .        O - +4 eveningstar (flame)
rCold   + . .        y - +0 kite shield
rNeg    + + .        v - +2 chain mail {rF+}
rPois   ∞            Z - +1 hat
rElec   +            s - +2 cloak "Ijogy" {rElec Int+3}
rCorr   .            (no gloves)
SInv    .            c - +2 pair of boots
Will    ++...        F - amulet "Uguq" {Spirit rC+ rN+ Will+ Int-3} Stlth
                     r - +4 ring of slaying
HPRegen 0.37/turn    b - +6 ring of strength
MPRegen 0.17/turn

%: random rage (3%), guardian spirit
@: corroded, flying
A: sickness immunity, AC +11, big wings, negative energy resistance 1,
electricity resistance, torment resistance 1, petrification resistance, berserk
1
a: Renounce Religion, Heroism, Finesse, Duel


You were on level 1 of the Swamp.
You worshipped Okawaru.
Okawaru was exalted by your worship.
You visited 5 branches of the dungeon, and saw 21 of its levels.
You also visited: Gauntlet.

You collected 2358 gold pieces.

Inventory:

Hand Weapons
 w - the +5 flail of Blood-Lust {venom, Fragile rF+++ Will+ Str+3}
   (Okawaru gifted it to you on level 2 of the Orcish Mines)

   Str+3:     It affects your strength (+3).
   rF+++:     It renders you almost immune to fire.
   Will+:     It increases your willpower.
   Fragile:   It will be destroyed if unequipped.
 O - a +4 eveningstar of flaming (weapon)
 T - a +1 demon whip of venom
Missiles
 j - 58 poisoned darts (quivered)
 x - 8 boomerangs
 C - 23 curare-tipped darts
 D - 5 atropa-tipped darts
 R - 3 darts of dispersal
 Y - 5 javelins
Armour
 c - a +2 pair of boots (worn)
 s - the +2 cloak "Ijogy" (worn) {rElec Int+3}
   (You found it on level 2 of the Dungeon)

   Int+3:     It affects your intelligence (+3).
   rElec:     It insulates you from electricity.
 v - a +2 chain mail of fire resistance (worn)
 y - a +0 kite shield (worn)
 Z - a +1 hat (worn)
Jewellery
 b - a +6 ring of strength (right hand)
 r - a +4 ring of slaying (left hand)
 t - a ring of ice
 F - the amulet "Uguq" (around neck) {Spirit rC+ rN+ Will+ Int-3}
   (You found it in a Gauntlet)

   [amulet of guardian spirit]

   Spirit:    It causes incoming damage to be divided between your reserves of
   health and magic.
   Int-3:     It affects your intelligence (-3).
   rC+:       It protects you from cold.
   rN+:       It protects you from negative energy.
   Will+:     It increases your willpower.
 G - an amulet of faith
 I - a ring of positive energy
 M - a ring of protection from fire
 P - a ring of see invisible
Wands
 E - a wand of acid (23)
 V - a wand of flame (23)
Scrolls
 a - 5 scrolls of blinking
 f - 6 scrolls of noise {unknown}
 h - 2 scrolls of butterflies {unknown}
 i - 3 scrolls of identify
 k - 3 scrolls of fog {unknown}
 m - 5 scrolls of revelation {unknown}
 o - 7 scrolls of teleportation {unknown}
 u - 5 scrolls of poison {unknown}
 H - 3 scrolls of enchant weapon {unknown}
 K - 2 scrolls of amnesia {unknown}
 N - a scroll of acquirement {unknown}
 U - a scroll of enchant armour {unknown}
 W - 3 scrolls of immolation {unknown}
 X - 2 scrolls of fear {unknown}
Potions
 d - 3 potions of might
 e - 2 potions of invisibility
 g - 3 potions of resistance
 l - 7 potions of heal wounds
 n - 6 potions of haste
 p - 7 potions of mutation {unknown}
 q - 3 potions of attraction
 z - a potion of enlightenment {unknown}
 A - 6 potions of curing {unknown}
 B - 2 potions of cancellation
 J - a potion of berserk rage {unknown}
 Q - 2 potions of lignification {unknown}


   Skills:
 * Level 17.0 Fighting
 + Level 16.8 Maces & Flails
 + Level 4.8 Throwing
 + Level 12.5 Armour
 + Level 3.8 Dodging
 + Level 2.5 Stealth
 + Level 13.1 Shields
 * Level 7.7 Invocations


You had 14 spell levels left.
You didn't know any spells.
Your spell library contained the following spells:

 Spells                   Type           Power      Damage    Failure   Level
 Apportation              Tloc           0%         N/A       83%         1
 Magic Dart               Conj           0%         1d3       83%         1
 Necrotise                Necr           0%         1d4       83%         1
 Slow                     Hex            0%         N/A       83%         1
 Blink                    Tloc           0%         N/A       93%         2
 Ensorcelled Hibernation  Hex/Ice        0%         N/A       93%         2
 Lesser Beckoning         Tloc           0%         N/A       93%         2
 Momentum Strike          Conj/Tloc      0%         3d8       93%         2
 Passwall                 Tmut/Erth      0%         N/A       93%         2
 Poisonous Vapours        Pois/Air       0%         N/A       93%         2
 Scorch                   Fire           0%         2d5       93%         2
 Searing Ray              Conj           0%         2d4       93%         2
 Confusing Touch          Hex            0%         N/A       99%         3
 Mephitic Cloud           Conj/Pois/Air  0%         N/A       99%         3
 Stone Arrow              Conj/Erth      0%         3d7       99%         3
 Swiftness                Air            0%         N/A       99%         3
 Vampiric Draining        Necr           0%         2d6       99%         3
 Flame Wave               Conj/Fire      0%         2d4       100%        4
 Fulminant Prism          Conj/Hex       0%         3d5       100%        4
 Passage of Golubria      Tloc           0%         N/A       100%        4
 Freezing Cloud           Conj/Ice/Air   0%         6-21      100%        5
 Silence                  Hex/Air        0%         N/A       100%        5
 Conjure Ball Lightning   Conj/Air       0%         3x3d6     100%        6
 Discord                  Hex            0%         N/A       100%        8
 Disjunction              Tloc           0%         N/A       100%        8
 Lehudib's Crystal Spear  Conj/Erth      0%         10d2      100%        8
 Summon Small Mammal      Summ           Unusable   N/A       N/A         1
 Call Canine Familiar     Summ           Unusable   N/A       N/A         3
 Summon Guardian Golem    Hex/Summ       Unusable   N/A       N/A         3
 Animate Armour           Summ/Erth      Unusable   N/A       N/A         4
 Summon Cactus Giant      Summ           Unusable   N/A       N/A         6

Dungeon Overview and Level Annotations

Branches:
Dungeon (12/15)            Temple (1/1) D:5            Lair (5/5) D:9
  Swamp (1/4) Lair:3       Spider (0/4) Lair:2        Slime (0/5) Lair:4
    Orc (2/2) D:10            Elf (0/3) Orc:2       Gauntlet (visited)

Altars:
Ashenzari
Cheibriados
Dithmenos
Elyvilon
Fedhas
Gozag
Hepliaklqana
Kikubaaqudgha
Makhleb
Nemelex Xobeh
Okawaru
Qazlal
Ru
Sif Muna
Trog
Uskayaw
Vehumet
Wu Jian
Xom
Yredelemnul
Zin
The Shining One
Jiyva

Shops:
D:1 [   D:2 (   D:7 [   D:8 (   Orc:2 ::((

Annotations:
D:10 2 transporters
Lair:1 1 runed translucent door, greenbourne's ghost, journeyman OpSh
Lair:4 exclusion: oklob plant


Innate Abilities, Weirdness & Mutations

You are immune to sickness and miasma.
Your stone body is resilient. (AC +11)
You are immune to poison.
Your large and strong wings let you fly.
You resist negative energy. (rN+)
You are resistant to electric shocks. (rElec)
You are resistant to unholy torment.
You are immune to petrification.
You sometimes lose your temper in combat.


Message History

You are splashed with acid!
You hear a chilling moan.
The seven-headed hydra attacks as you move away!
You block the seven-headed hydra's attack.
The seven-headed hydra barely misses you.
You block the seven-headed hydra's attack.
The seven-headed hydra bites you but does no damage. x4
You block the goliath frog's attack. The goliath frog misses you.
The goliath frog hits you but does no damage.
The seven-headed hydra bites you.
You block the seven-headed hydra's attack. x2
The seven-headed hydra barely misses you.
The seven-headed hydra bites you but does no damage. x2
The seven-headed hydra completely misses you.
The bunyip claws you but does no damage. x2
The bunyip barely misses you. The goliath frog hits you from afar!
You are splashed with acid!
The goliath frog hits you from afar!!
* * * LOW HITPOINT WARNING * * *
The acid corrodes you!
You are splashed with acid!
* * * LOW HITPOINT WARNING * * *
You block the goliath frog's attack.
You block the five-headed hydra's attack. x3
The five-headed hydra bites you but does no damage.
The five-headed hydra bites you!
* * * LOW HITPOINT WARNING * * *
The goliath frog hits you but does no damage.
The five-headed hydra attacks as you move away!
The five-headed hydra barely misses you.
You block the five-headed hydra's attack.
The five-headed hydra bites you!
* * * LOW HITPOINT WARNING * * *
The five-headed hydra misses you.
The five-headed hydra bites you but does no damage.
The goliath frog hits you from afar!
* * * LOW HITPOINT WARNING * * *
The acid corrodes you!
You are splashed with acid.
* * * LOW HITPOINT WARNING * * *
The goliath frog hits you from afar.
You die...

.~..♣~~♣.~~~.♣♣♣.~~....~♣♣
~~~..>~♣.~~..♣ ♣..♣♣♣..~~♣
.~~~..♣♣....♣♣ ♣..♣ ♣♣..♣♣
♣♣ (§~~.♣♣♣♣.~~.♣ ♣..♣
♣..♣♣ ♣♣.♣. ♣§~~~♣♣ ♣.~~♣♣
♣..♣ ♣...♣♣~.~~~ ♣♣♣...♣
♣..♣♣ ♣.( ♣♣~.~...~~.
♣♣....♣ ♣..♣ ♣.♣
♣~...~♣..~ ♣♣....♣♣♣..♣
♣♣~♣♣ ♣♣.~...♣
♣.♣♣..♣♣♣.♣♣
♣~@.♣♣♣♣.~~♣♣♣....
♣.♣♣♣.♣♣.♣.♣
♣♣xD≈♣~♣♣~..♣♣♣.~~ ♣♣♣
♣.♣♣♣.♣♣
♣♣FDF≈~.~...~♣.... ♣♣.♣♣~♣
♣♣≈≈≈≈≈..~~.~~~♣~.. ♣♣♣♣♣♣
♣≈≈≈≈≈≈♣..♣♣.~♣...
♣≈≈D≈≈≈♣..~♣♣...♣.
♣♣♣≈≈≈♣..~.♣♣.....
♣≈≈≈.~~~~..##...
♣♣♣~~~.......#.~


You could see a bunyip, a seven-headed hydra, 2 five-headed hydras and 2 goliath
frogs.

Vanquished Creatures
  An eleionoma (Swamp:1)
  A minotaur (Gauntlet)
  A bunyip (Swamp:1)
  A fire dragon (Lair:5)
  A catoblepas (Lair:5)
  Erica (D:10)
  A hydra (Lair:4)
  4 two-headed ogres
  An anaconda (Lair:5)
  A death scarab (Gauntlet)
  10 death yaks (Lair:4)
  5 orc high priests
  2 spriggans (Swamp:1)
  Urug (D:12)
  A skyshark (Lair:5)
  A spectral death yak (Gauntlet)
  2 goliath frogs (Swamp:1)
  A spriggan druid (Swamp:1)
  A bog body (Lair:3)
  A swamp dragon (Lair:5)
  A lindwurm (Lair:4)
  A deep elf pyromancer (D:11)
  An orc knight (D:10)
  3 orc sorcerers
  A manticore (D:12)
  An ugly thing (D:11)
  4 cyclopes
  13 elephants
  11 cane toads
  7 black mambas
  Psyche (D:11)
  7 kobold demonologists
  A torpor snail (Lair:5)
  Maggie (Lair:2)
  A minotaur zombie (Gauntlet)
  19 rime drakes
  An efreet (D:9)
  11 komodo dragons
  4 meliai
  5 trolls
  2 hornets (Swamp:1)
  9 blink frogs
  13 polar bears
  A raiju (Lair:5)
  5 tyrant leeches (Swamp:1)
  Prince Ribbit (D:8)
  67 yaks
  2 wraiths
  6 wyverns
  8 basilisks
  10 steam dragons
  6 swamp worms
  9 wargs
  4 acid dragons
  14 hell hounds (Lair:5)
  19 water moccasins
  3 swamp drakes
  19 orc warriors
  13 black bears
  2 ice beasts
  22 wolves
  9 ogres
  4 centaurs
  2 phantoms
  8 kobold brigands
  21 bullfrogs
  A gnoll sergeant (D:9)
  2 scorpions (D:5)
  11 wights
  2 killer bees (Lair:2)
  6 small abominations (Gauntlet)
  4 electric eels
  8 howler monkeys
  A lava snake (Lair:3)
  A jelly (D:6)
  30 orc priests
  2 hounds (D:4)
  5 iguanas
  A sleepcap (D:5)
  Jessica (D:3)
  Natasha (twice) (D:2)
  24 orc wizards
  Terence (D:3)
  8 gnolls
  11 adders
  A shadow imp (D:8)
  3 worms
  A dart slug (D:4)
  52 orcs
  13 ball pythons
  3 bats
  9 endoplasms
  6 giant cockroaches
  4 hobgoblins
  5 jackals
  3 quokkas
  3 frilled lizards
  13 goblins
  21 kobolds
  8 rats
677 creatures vanquished.

Vanquished Creatures (others)
  A gnoll (D:9)
1 creature vanquished.

Grand Total: 678 creatures vanquished

Notes
Turn   | Place    | Note
-------+----------+-------------------------------------------
     0 | D:1      | AdnanSaban the Gargoyle Fighter began the quest for the
                  | Orb.
     0 | D:1      | Reached XP level 1. HP: 14/14 MP: 1/1
   100 | D:1      | Reached XP level 2. HP: 14/19 MP: 2/2
   153 | D:1      | Found Naahou's Antique Armour Boutique.
   405 | D:1      | Reached XP level 3. HP: 23/23 MP: 3/3
   630 | D:1      | Found a faded altar of an unknown god.
  1106 | D:2      | Found Homudiar's Weapon Shop.
  1116 | D:2      | Reached XP level 4. HP: 29/29 MP: 4/4
  1271 | D:2      | Reached skill level 4 in Fighting
  1293 | D:2      | Noticed Natasha
  1311 | D:2      | Killed Natasha
  1412 | D:2      | Identified the +2 cloak "Ijogy" {rElec Int+3}
  1490 | D:2      | Noticed Natasha
  1498 | D:2      | Killed Natasha
  1499 | D:2      | Reached XP level 5. HP: 31/33 MP: 5/5
  1776 | D:3      | Reached skill level 1 in Dodging
  2021 | D:3      | Found a sparkling altar of Nemelex Xobeh.
  2112 | D:3      | Noticed Terence
  2119 | D:3      | Killed Terence
  2120 | D:3      | Reached skill level 1 in Stealth
  2120 | D:3      | Reached XP level 6. HP: 38/38 MP: 6/6
  2449 | D:3      | Noticed Jessica
  2454 | D:3      | Killed Jessica
  2848 | D:4      | Reached XP level 7. HP: 43/44 MP: 7/7
  2854 | D:4      | Reached skill level 5 in Maces & Flails
  3335 | D:4      | Reached skill level 5 in Armour
  3765 | D:5      | Entered Level 5 of the Dungeon
  3771 | D:5      | Reached skill level 5 in Fighting
  3777 | D:5      | You fall into a shaft and drop 1 floor!
  3783 | D:6      | Noticed a steam dragon
  3797 | D:6      | Killed a steam dragon
  3814 | D:6      | Reached XP level 8. HP: 23/49 MP: 8/8
  4024 | D:5      | Found a staircase to the Ecumenical Temple.
  4049 | Temple   | Entered the Ecumenical Temple
  4060 | Temple   | Became a worshipper of Warmaster Okawaru
  4176 | D:5      | Reached skill level 1 in Throwing
  4757 | D:6      | Reached * piety under Okawaru
  4855 | D:6      | Reached XP level 9. HP: 29/55 MP: 9/9
  5123 | D:6      | Reached skill level 6 in Fighting
  5131 | D:6      | Reached skill level 10 in Maces & Flails
  5131 | D:6      | Reached skill level 5 in Shields
  5178 | D:6      | Found a shimmering altar of Xom.
  5805 | D:7      | Found a hide-covered altar of Uskayaw.
  5805 | D:7      | Found a blossoming altar of Fedhas.
  6024 | D:7      | Found Suetwics's Armour Emporium.
  6500 | D:7      | Found an ornate altar of the Wu Jian Council.
  7047 | D:8      | Found a stormy altar of Qazlal.
  7083 | D:8      | Reached ** piety under Okawaru
  7265 | D:8      | Reached skill level 7 in Fighting
  7435 | D:8      | Reached XP level 10. HP: 46/63 MP: 10/10
  7610 | D:8      | Found Rufimn's Weapon Boutique.
  7740 | D:9      | Noticed Prince Ribbit
  7752 | D:8      | Killed Prince Ribbit
  7840 | D:9      | Reached skill level 1 in Invocations
  7876 | D:9      | Reached *** piety under Okawaru
  8064 | D:9      | Noticed a kobold demonologist
  8065 | D:9      | Noticed a soul eater
  8079 | D:8      | Noticed a smoke demon
  8080 | D:8      | Noticed a soul eater
  8081 | D:8      | Killed a kobold demonologist
  8215 | D:9      | Found a staircase to the Lair.
  8272 | D:9      | Noticed a kobold demonologist
  8273 | D:9      | Noticed a kobold demonologist
  8283 | D:9      | Killed a kobold demonologist
  8286 | D:9      | Killed a kobold demonologist
  8711 | D:10     | Entered Level 10 of the Dungeon
  8832 | D:9      | Reached **** piety under Okawaru
  8891 | D:9      | Reached skill level 8 in Fighting
  8993 | D:10     | Noticed a two-headed ogre
  9008 | D:10     | Killed a two-headed ogre
  9101 | D:10     | Found a staircase to the Orcish Mines.
  9356 | D:10     | Found a transporter.
  9419 | D:10     | Noticed an eye of devastation
  9420 | D:10     | Found a viscous altar of Jiyva.
  9420 | D:10     | Noticed a glowing orange brain
  9626 | D:10     | Reached XP level 11. HP: 69/69 MP: 13/13
  9639 | D:10     | Reached ***** piety under Okawaru
  9919 | D:11     | Noticed a two-headed ogre
  9942 | D:10     | Killed a two-headed ogre
 10077 | D:11     | Noticed a cyclops
 10082 | D:11     | Noticed a cyclops
 10083 | D:11     | Noticed Erica
 10092 | D:11     | Killed a cyclops
 10350 | D:11     | Noticed a cyan ugly thing
 10365 | D:11     | Killed a cyan ugly thing
 10416 | D:11     | Killed a cyclops
 10417 | D:11     | Reached skill level 5 in Invocations
 10451 | D:11     | Noticed Psyche
 10498 | D:10     | Killed Erica
 10499 | D:10     | Reached skill level 9 in Fighting
 10510 | D:10     | Found a transporter.
 10723 | D:11     | Killed Psyche
 10723 | D:11     | Received a gift from Okawaru
 11115 | D:12     | Noticed a deep elf pyromancer
 11126 | D:11     | Killed a deep elf pyromancer
 11176 | D:12     | Noticed a sun demon
 11208 | D:12     | Noticed a sixfirhy
 11217 | D:11     | Gained mutation: You sometimes lose your temper in combat.
                  | [a neqoxec]
 11468 | D:12     | Identified the +6 glaive "Miross" {flame, Drain rF++ Will+
                  | rCorr}
 11823 | D:12     | Noticed a two-headed ogre
 11825 | D:12     | Noticed a two-headed ogre
 11833 | D:12     | Killed a two-headed ogre
 11834 | D:12     | Reached skill level 10 in Fighting
 11834 | D:12     | Reached XP level 12. HP: 57/77 MP: 15/15
 11856 | D:12     | Killed a two-headed ogre
 12129 | D:12     | Noticed Urug
 12144 | D:12     | Killed Urug
 12144 | D:12     | Received a gift from Okawaru
 12834 | Lair:1   | Entered Level 1 of the Lair of Beasts
 12844 | Lair:1   | You fall into a shaft and drop 1 floor!
 12983 | Lair:2   | Found a hole to the Spider Nest.
 13387 | Lair:1   | Reached skill level 15 in Maces & Flails
 13647 | Lair:1   | Reached ****** piety under Okawaru
 13647 | Lair:1   | Received a gift from Okawaru
 13650 | Lair:1   | Reached skill level 11 in Fighting
 13789 | Lair:1   | Found a runed translucent door.
 13791 | Lair:1   | Found a shimmering altar of Xom.
 13791 | Lair:1   | Noticed greenbourne's ghost (journeyman OpSh)
 14481 | Lair:2   | Reached skill level 10 in Shields
 14538 | Lair:2   | HP: 2/80 [komodo dragon (7)]
 14548 | Lair:1   | HP: 1/81 [yak (5)]
 14822 | Lair:1   | Reached XP level 13. HP: 75/85 MP: 16/16
 14959 | Lair:2   | Reached skill level 12 in Fighting
 15040 | Lair:2   | Noticed Maggie
 15057 | Lair:2   | Killed Maggie
 15063 | Lair:2   | Received a gift from Okawaru
 15069 | Lair:2   | Reached skill level 10 in Armour
 16239 | Lair:4   | Received a gift from Okawaru
 16440 | Lair:4   | Reached skill level 13 in Fighting
 17221 | Lair:4   | Received a gift from Okawaru
 17588 | Lair:4   | Found a staircase to the Slime Pits.
 17979 | Lair:3   | Identified the +9 great sword of Dokleu Zareh {flame, rPois
                  | Str-4 Dex+6}
 17999 | Lair:3   | Received a gift from Okawaru
 18012 | Lair:3   | Gained mutation: Your large and strong wings let you fly.
                  | [Gargoyle growth]
 18012 | Lair:3   | Reached XP level 14. HP: 95/95 MP: 19/19
 18441 | Lair:3   | Found a staircase to the Swamp.
 18565 | Lair:3   | Reached skill level 14 in Fighting
 18792 | Lair:5   | Entered Level 5 of the Lair of Beasts
 19200 | Lair:5   | Received a gift from Okawaru
 19654 | Lair:5   | Reached skill level 15 in Fighting
 20226 | Lair:4   | Received a gift from Okawaru
 20298 | Lair:4   | Reached XP level 15. HP: 86/103 MP: 18/20
 20539 | Lair:5   | Reached skill level 16 in Fighting
 21041 | Orc:1    | Entered Level 1 of the Orcish Mines
 21579 | Orc:1    | Paralysed by an orc sorcerer for 4 turns
 21976 | Orc:1    | Paralysed by an orc sorcerer for 5 turns
 22422 | Orc:2    | Entered Level 2 of the Orcish Mines
 22422 | Orc:2    | Found a staircase to the Elven Halls.
 22514 | Orc:2    | Found a gate leading to a gauntlet.
 22533 | Gauntlet | Entered a Gauntlet
 22533 | Gauntlet | Found a transporter.
 22540 | Gauntlet | Found a transporter.
 22542 | Gauntlet | Found a transporter.
 22553 | Gauntlet | Found a transporter.
 22556 | Gauntlet | Found a transporter.
 22570 | Gauntlet | Found a transporter.
 22586 | Gauntlet | Found a runed translucent gate.
 22587 | Gauntlet | Found a transporter.
 22587 | Gauntlet | Found a runed translucent gate.
 22588 | Gauntlet | Found a runed translucent gate.
 22601 | Gauntlet | Found a transporter.
 22608 | Gauntlet | Found a transporter.
 22628 | Gauntlet | Found a transporter.
 22642 | Gauntlet | Found a transporter.
 22642 | Gauntlet | Found a transporter.
 22690 | Gauntlet | Found a transporter.
 22704 | Gauntlet | Found a transporter.
 23197 | Gauntlet | Identified the amulet "Uguq" {Spirit rC+ rN+ Will+ Int-3}
 23224 | Gauntlet | Identified the +9 short sword "Kuzujynu" {venom, Fly Dex+3
                  | Stlth+}
 23274 | Gauntlet | Identified the staff of Infinite Pain {rC+ Dex+3 Ice}
 24103 | Orc:2    | Received a gift from Okawaru
 24198 | Orc:2    | Identified the +5 flail of Blood-Lust {venom, Fragile rF+++
                  | Will+ Str+3} (Okawaru gifted it to you on level 2 of the
                  | Orcish Mines)
 24198 | Orc:2    | Received a gift from Okawaru
 24302 | Orc:2    | Found Zuqucu's Antique Weapon Emporium.
 24302 | Orc:2    | Found Roojav's Antique Weapon Emporium.
 24303 | Orc:2    | Found Mito's Book Shoppe.
 24307 | Orc:2    | Found Gigim's Book Shoppe.
 24678 | Swamp:1  | Entered Level 1 of the Swamp
 24969 | Swamp:1  | Reached skill level 17 in Fighting
 25165 | Swamp:1  | HP: 5/107 [goliath frog (6)]
 25165 | Swamp:1  | HP: 1/107 [acid (4)]
 25165 | Swamp:1  | Slain by a goliath frog

Illustrated notes

Levels and vault maps discovered:
D:1:      lordsloth_arrival_two_stooges, layout_loops_ring, serial_shops, shop,
          shapermc_ecumenical_altar_mp_vishouse
D:2:      layout_basic, serial_shops, shop, kennysheep_generic_room_12,
          uniq_natasha
D:3:      minmay_chambers_of_threes, layout_basic,
          nemelex_xobeh_ov_fountains_minmay, uniq_jessica, uniq_terence
D:4:      layout_layer_cave, minmay_manual_monstrance
D:5:      layout_loops_cross, minmay_temple_entry_glass
D:6:      layout_cave_pods, xom_teletrap_fun
D:7:      layout_layer_cave, mainiacjoe_overflow_boulevard,
          chequers_temple_overflow_statue_of_worship, serial_shops, shop
D:8:      layout_gridville, mainiacjoe_overflow_chevrons, serial_shops,
          nicolae_diamond_shop
D:9:      layout_loops_corners, lair_entry_dummy, uniq_prince_ribbit1
D:10:     gammafunk_jiyva_shrine, layout_long_grid,
          minmay_orc_entry_temple_small
D:11:     layout_rooms, minmay_misc_feat_doors, uniq_psyche, uniq_erica
D:12:     layout_grid_maze, uniq_urug
Temple:   eino_temple_rhombus
Lair:1:   layout_cave_pods, serial_rivers, chequers_serial_rivers_large_a,
          chequers_serial_rivers_micro_b, chequers_serial_rivers_micro_b,
          chequers_serial_rivers_room_b, chequers_serial_rivers_room_a,
          ebering_ghost_xom
Lair:2:   layout_gridlike, hellmonk_spider_entry_not_the_bees,
          infiniplex_staircase_pool, lemuel_fruit_tree, serial_bayou_shore_a,
          uniq_maggie
Lair:3:   layout_gridlike, nicolae_swamp_entry_splash_gauntlet,
          portal_ice_cave_entry_animals_and_master, grunt_megastairs_4
Lair:4:   minmay_lair_oklob_chamber, layout_gridlike, slime_entry_1,
          bobbens_dragon_lair_wall
Lair:5:   hangedman_lair_caniforms_friends, layout_cave_pods,
          guppyfry_lair_end_dragon, grunt_megastairs_3
Swamp:1:  layout_falls_marsh, evilmike_swamp_ruin_rubble_2, swamp_pool1
Orc:1:    layout_caves, david_defended_altar_orc
Orc:2:    st_orc_mages, layout_diamond_mine, gauntlet_entry_generic

Skill      XL: |  1  2  3  4  5  6  7  8  9 10 11 12 13 14 15 |
---------------+----------------------------------------------+-----
Armour         | 4 5 6 7 8 9 11 12 | 12.5
Fighting       | 4 5 7 8 10 11 13 15 17 | 17.0
Maces & Flails | 3 4 6 9 12 13 14 15 16 | 16.8
Dodging        | 1 2 3 |  3.8
Stealth        | 1 2 |  2.5
Shields        | 4 5 7 8 10 11 12 13 | 13.1
Throwing       | 1 2 3 4 |  4.8
Invocations    | 3 5 7 |  7.7

Action                     |  1- 3 |  4- 6 |  7- 9 | 10-12 | 13-15 || total
---------------------------+-------+-------+-------+-------+-------++-------
  Melee: Whip              |    93 |   208 |    31 |       |       ||   332
         Flail             |       |       |   265 |   539 |       ||   804
         Demon whip        |       |       |       |    82 |   364 ||   446
         Eveningstar       |       |       |       |       |   786 ||   786
  Throw: Dart              |       |       |    22 |    58 |     7 ||    87
 Invoke: Heroism           |       |       |       |       |     1 ||     1
    Use: Scroll            |       |       |       |       |     9 ||     9
   Stab: Invisible         |       |       |       |     1 |       ||     1
 Armour: Scale mail        |    34 |   149 |    83 |       |       ||   266
         Chain mail        |       |       |    45 |       |    91 ||   136
         Plate armour      |       |       |     2 |   344 |   582 ||   928
  Dodge: Dodged            |    40 |    96 |   110 |   182 |   318 ||   746
  Block: Buckler           |    19 |    50 |    28 |       |       ||    97
         Kite shield       |       |       |    45 |   285 |   611 ||   941

Table legend: (Time is in decaauts)
 A = Elapsed time spent in this place.
 B = Non-inter-level travel time spent in this place.
 C = Inter-level travel time spent in this place.
 D = Time resting spent in this place.
 E = Time spent auto-exploring this place.
 F = Levels seen in this place.
 G = Mean time per level.
                   A        B        C        D        E       F      G
               +--------+--------+--------+--------+--------+-----+--------+
         Total |  25173 |  23775 |   1398 |   3076 |  15717 |  22 | 1144.2 |
       Dungeon |  13160 |  12410 |    750 |    859 |   9259 |  12 | 1096.7 |
        Temple |     22 |      2 |     20 |      0 |      0 |   1 |   22.0 |
          Lair |   8251 |   7685 |    566 |   1424 |   4717 |   5 | 1650.2 |
         Swamp |    500 |    500 |      0 |     40 |    307 |   1 |  500.0 |
  Orcish Mines |   2425 |   2364 |     61 |    751 |   1055 |   2 | 1212.5 |
      Gauntlet |    814 |    814 |      0 |      0 |    378 |   1 |  814.0 |
               +--------+--------+--------+--------+--------+-----+--------+

Top non-repeatable levels by time:
  Lair:4: 2428 daAuts
    D:10: 1832 daAuts
  Lair:1: 1760 daAuts
  Lair:5: 1737 daAuts
    D:12: 1510 daAuts
   Orc:1: 1437 daAuts
     D:6: 1358 daAuts
  Lair:2: 1324 daAuts
     D:9: 1222 daAuts
     D:7: 1151 daAuts
     D:4: 1085 daAuts
     D:3: 1063 daAuts
  Lair:3: 999 daAuts
   Orc:2: 987 daAuts
     D:8: 887 daAuts
